 Dungeon Crawl Stone Soup version 0.20-b1-18-gaa2fd62 (webtiles) character file.

152 potatolord6000 the Twirler (level 5, 0/41 HPs)
             Began as a Demonspawn Gladiator on May 24, 2017.
             Succumbed to an adder's poison
             ... in a sewer.
             The game lasted 00:07:54 (2053 turns).

potatolord6000 the Twirler (Demonspawn Gladiator)   Turns: 2053, Time: 00:07:54

Health: 0/41       AC: 12    Str: 13 (15) XL:     5   Next: 11%
Magic:  5/5        EV: 15    Int:  6 (9)  God:
Gold:   94         SH:  0    Dex: 18 (20) Spells: 4/4 levels left

rFire    + . .     SeeInvis .   a - +0 quarterstaff
rCold    + . .     Gourm    .   (shield currently unavailable)
rNeg     . . .     Faith    .   i - +2 chain mail {rPois}
rPois    +         Spirit   .   c - +0 helmet
rElec    +         Reflect  .   (no cloak)
rCorr    +         Harm     .   (no gloves)
MR       .....                  b - +0 pair of boots
Stlth    ..........             (no amulet)
Regen    0.2/turn               d - ring of flight
MPRegen  0.1/turn               (no ring)

@: agile, lethally poisoned (0 -> -10), resistant, hasted, quick
A: repulsion field 2, demonic guardian 1
a: Evoke Flight


You were in a sewer.
You were not hungry.

You visited 1 branch of the dungeon, and saw 3 of its levels.
You also visited: Sewer.

You collected 94 gold pieces.

Inventory:

Hand Weapons
 a - a +0 quarterstaff (weapon)
Missiles
 l - a throwing net (quivered)
Armour
 b - a +0 pair of boots (worn)
 c - a +0 helmet (worn)
 i - a +2 chain mail of poison resistance (worn)
Jewellery
 d - a ring of flight (left hand)
Scrolls
 k - a scroll of identify
 o - a scroll of magic mapping
Comestibles
 f - 2 bread rations
 g - 2 fruits
 n - a meat ration


   Skills:
 + Level 3.1 Fighting
 + Level 3.6 Staves
 - Level 1.7 Throwing
 + Level 2.1 Armour
 + Level 3.3 Dodging


You had 4 spell levels left.
You didn't know any spells.

Dungeon Overview and Level Annotations

Branches:
Dungeon (3/15)

Altars:
Qazlal
Yredelemnul
Zin


Innate Abilities, Weirdness & Mutations

You are surrounded by a moderate repulsion field. (EV +3)
A weak demonic guardian rushes to your aid.


Message History

You feel sick. The adder bites you but does no damage.
It was a potion of agility.
You feel agile all of a sudden.
* * * LOW HITPOINT WARNING * * *
You feel sick. The adder bites you.
* * * LOW HITPOINT WARNING * * *
Your unstable footing causes you to fumble your attack.
The adder bites you but does no damage.
Your unstable footing causes you to fumble your attack.
* * * LOW HITPOINT WARNING * * *
You feel sick. The adder closely misses you.
As you read the scroll labeled RAM VECWYWN, it crumbles to dust.
It is a scroll of enchant armour.
Your +1 chain mail of poison resistance glows green for a moment.
* * * LOW HITPOINT WARNING * * *
You feel sick. The adder closely misses you.
As you read the scroll labeled MOHIJUSHR WAIZXOA, it crumbles to dust.
It is a scroll of identify.
o - a scroll of magic mapping You die...

##≈≈≈≈
#≈≈≈≈≈
##≈≈≈≈≈
#≈≈≈≈≈≈
#≈≈≈≈≈≈
≈≈≈≈≈≈≈
#≈≈≈≈S###
##≈≈≈≈≈@.#
≈≈≈≈≈≈≈≈##
≈≈≈≈≈≈≈≈.##
≈≈≈≈≈≈≈≈≈∩#
≈≈≈≈≈≈≈≈≈∩#
≈≈≈≈≈≈≈≈..#
#≈≈≈≈≈≈.###
##≈≈≈≈≈≈.
≈≈≈≈≈≈≈≈


You could see an adder.

Vanquished Creatures
  A worker ant (D:3)
  A gnoll (D:1)
  3 adders
  A river rat (D:3)
  3 dart slugs (D:1)
  3 leopard geckos
  2 orcs (D:3)
  5 giant cockroaches
  5 hobgoblins
  2 jackals (D:2)
  A quokka (D:2)
  9 bats
  3 frilled lizards
  5 goblins
  A kobold (D:1)
  10 rats
55 creatures vanquished.

Vanquished Creatures (collateral kills)
  An orc priest (D:3)
  2 orcs (D:3)
3 creatures vanquished.

Grand Total: 58 creatures vanquished

Notes
Turn   | Place    | Note
-------+----------+-------------------------------------------
     0 | D:1      | potatolord6000 the Demonspawn Gladiator began the quest for the Orb.
     0 | D:1      | Reached XP level 1. HP: 16/16 MP: 1/1
    48 | D:1      | Gained mutation: A weak demonic guardian rushes to your aid. [demonic ancestry]
    48 | D:1      | Reached XP level 2. HP: 22/22 MP: 2/2
   320 | D:1      | Reached XP level 3. HP: 21/28 MP: 3/3
   398 | D:2      | Reached skill level 1 in Armour
  1569 | D:3      | Found a stormy altar of Qazlal.
  1571 | D:3      | Found a basalt altar of Yredelemnul.
  1575 | D:3      | Found a glowing silver altar of Zin.
  1599 | D:3      | Gained mutation: You are surrounded by a mild repulsion field. (EV +2) [demonic ancestry]
  1599 | D:3      | Reached XP level 4. HP: 34/34 MP: 4/4
  1904 | D:3      | Gained mutation: You are surrounded by a moderate repulsion field. (EV +3) [demonic ancestry]
  1904 | D:3      | Reached XP level 5. HP: 25/41 MP: 5/5
  1934 | D:3      | Found a glowing drain.
  1938 | Sewer    | Entered a sewer
  2051 | Sewer    | HP: 2/41 [poisoned by an adder]
  2053 | Sewer    | Succumbed to an adder's poison

Skill      XL: |  1  2  3  4 |
---------------+-------------+-----
Staves         | 3 |  3.6
Dodging        | 3 |  3.3
Armour         | 1 2 |  2.1
Fighting       | 3 |  3.1
Throwing       | |  1.7

Action                   |  1- 3 |  4- 6 || total
-------------------------+-------+-------++-------
Melee: Quarterstaff      |   125 |    81 ||   206
  Use: Potion            |       |     4 ||     4
       Scroll            |       |     2 ||     2
  Eat: Meat ration       |     1 |       ||     1
Armor: Leather armour    |    30 |       ||    30
       Chain mail        |    22 |    56 ||    78
       Ring mail         |    22 |       ||    22
Dodge: Dodged            |   153 |    53 ||   206
